Map: Ruins of Seras

Players

Miniraser

  • Race: Zerg Zerg
  • League: Master

Lilbow - Winner!

  • Race: Protoss Protoss

Event: Homestory Cup XII

VOD

Have the link to the VOD?

Description

Time

  • Played on: Dec. 18, 2015, 11:31 a.m.
  • Length: 12:40

All games in this series

Show
View Real Time Build Order
Export as new Build Order

Miniraser Zerg 

Build Orders: Pool First 

Get SALT Encoding   

  12  0:01  Drone  
  13  0:14  Extractor  
  12  0:25  Spawning Pool  
  11  0:29  Drone  
  11  0:34  Drone  
  13  0:39  Drone  
  14  0:50  Overlord  
  14  1:13  Zergling x6  
  14  1:15  Metabolic Boost  
  17  1:25  Zergling x2  
  18  1:31  Queen  
  20  1:36  Zergling x2  
  21  1:46  Zergling x2  
  22  2:06  Hatchery  
  21  2:10  Drone  
  22  2:29  Overlord  
  22  2:46  Queen  
  22  2:48  Drone x5  
  27  3:05  Overlord  
  27  3:15  Evolution Chamber, Drone x3  
  28  3:24  Overlord  
  28  3:29  Zergling x4  
  30  3:35  Zergling x4  
  32  3:42  Zergling x2  
  32  3:43  Zergling x2  
  34  3:53  Baneling Nest  
  33  3:57  Zergling x8  
  36  4:09  Zergling x8  
  40  4:21  Zergling x6  
  43  4:40  Baneling  
  43  4:41  Baneling  
  43  4:42  Baneling x3  
  43  4:48  Zergling x12  
  39  5:08  Zergling x14  
  39  5:21  Zergling x8  
  40  5:27  Baneling  
  40  5:28  Baneling x3  
  43  5:29  Baneling  
  41  5:39  Baneling  
  41  5:42  Zergling x4  
  43  5:43  Zergling x2  
  43  5:47  Baneling  
  34  6:12  Zergling x16  
  39  6:26  Drone x5  
  44  6:34  Baneling  
  44  6:35  Baneling x3  
  44  6:37  Zergling x2  
  44  6:38  Zergling x4  
  47  6:43  Baneling  
  47  6:44  Zergling x2  
  48  6:57  Zergling x8  
  41  7:18  Zergling x12  
  45  7:24  Baneling x5  
  45  7:31  Zergling x4  
  45  7:32  Zergling x8  
  51  7:41  Drone  
  49  7:46  Overlord  
  47  8:00  Drone x4  
  47  8:01  Hatchery  
  47  8:04  Pneumatized Carapace  
  49  8:12  Drone x3  
  52  8:17  Drone  
  52  8:18  Drone  
  54  8:21  Overlord  
  54  8:29  Extractor  
  53  8:41  Drone x7  
  53  8:42  Drone, Extractor  
  53  8:47  Overlord  
  59  9:01  Extractor  
  57  9:08  Zergling x18  
  57  9:09  Baneling  
  66  9:10  Baneling x3  
  66  9:15  Queen  
  68  9:20  Zergling x6  
  68  9:21  Baneling x3  
  71  9:34  Drone  
  72  9:40  Zergling x12  
  72  9:45  Overlord  
  78  9:52  Baneling x6  
  78  9:58  Zergling x6  
  72  10:17  Zergling x14  
  74  10:23  Zerg Melee Weapons Level 1  
  74  10:26  Evolution Chamber  
  74  10:28  Zergling x6  
  74  10:29  Zergling x4  
  60  10:52  Zergling x8  
  60  10:53  Zergling x10  
  67  10:57  Baneling x5  
  67  11:09  Zergling x6  
  67  11:23  Hatchery  
  67  11:24  Baneling x5  
  66  11:27  Zergling x12  
  68  11:40  Zergling x10  
  58  12:01  Overlord  
  58  12:02  Overlord x2  
  58  12:06  Baneling x7  
  57  12:13  Zergling x2  
  57  12:14  Zergling x4  
  56  12:18  Zergling x6  
Show
View Real Time Build Order
Export as new Build Order

Lilbow Protoss - Winner!

Build Orders: 1 Gate Expand 

Get SALT Encoding   

  12  0:01  Probe (Chrono Boost)  
  13  0:11  Probe (Chrono Boost)  
  14  0:18  Pylon  
  14  0:22  Probe (Chrono Boost)  
  15  0:36  Probe (Chrono Boost)  
  15  0:37  Gateway  
  16  0:47  Probe (Chrono Boost)  
  17  0:57  Probe (Chrono Boost)  
  18  1:08  Probe (Chrono Boost)  
  19  1:17  Nexus  
  19  1:28  Cybernetics Core  
  19  1:31  Assimilator  
  19  1:35  Probe (Chrono Boost)  
  20  1:40  Assimilator  
  20  1:46  Probe (Chrono Boost)  
  21  1:50  Pylon  
  21  1:58  Zealot (Chrono Boost)  
  23  2:03  Gateway  
  23  2:04  Pylon  
  23  2:11  Pylon  
  23  2:18  Pylon  
  23  2:19  Pylon  
  23  2:29  Adept, Pylon  
  27  2:30  Mothership Core (Chrono Boost)  
  27  2:35  Pylon  
  27  2:43  Pylon  
  27  2:47  Pylon  
  27  2:55  Probe (Chrono Boost)  
  28  3:03  Adept, Warp Gate  
  30  3:06  Probe (Chrono Boost), Pylon  
  30  3:17  Probe (Chrono Boost)  
  31  3:25  Sentry  
  33  3:39  Probe (Chrono Boost)  
  34  3:42  Nexus  
  34  3:47  Pylon  
  34  3:49  Probe (Chrono Boost)  
  35  3:56  Adept  
  35  4:00  Probe (Chrono Boost)  
  38  4:10  Probe (Chrono Boost)  
  39  4:19  Adept  
  39  4:21  Probe (Chrono Boost)  
  39  4:23  Adept  
  44  4:32  Probe (Chrono Boost), Pylon  
  44  4:37  Gateway  
  45  4:42  Probe (Chrono Boost)  
  42  4:53  Probe (Chrono Boost)  
  42  4:58  Probe (Chrono Boost)  
  42  5:03  Probe (Chrono Boost)  
  41  5:09  Probe (Chrono Boost)  
  41  5:10  Adept  
  43  5:17  Probe (Chrono Boost)  
  44  5:24  Probe (Chrono Boost)  
  44  5:28  Probe (Chrono Boost)  
  46  5:38  Probe (Chrono Boost)  
  46  5:39  Probe (Chrono Boost)  
  46  5:40  Assimilator  
  46  5:41  Sentry  
  50  5:48  Pylon  
  50  5:49  Probe (Chrono Boost)  
  51  5:55  Sentry  
  44  6:06  Sentry  
  44  6:07  Probe (Chrono Boost)  
  44  6:08  Probe (Chrono Boost)  
  41  6:18  Probe (Chrono Boost)  
  42  6:19  Stalker  
  42  6:25  Probe (Chrono Boost)  
  45  6:28  Probe (Chrono Boost)  
  45  6:32  Sentry  
  48  6:35  Probe (Chrono Boost)  
  48  6:39  Probe (Chrono Boost)  
  50  6:40  Pylon  
  50  6:43  Pylon  
  50  6:46  Probe (Chrono Boost)  
  51  6:50  Probe (Chrono Boost)  
  51  6:53  Pylon  
  52  6:56  Probe (Chrono Boost)  
  52  7:00  Probe (Chrono Boost)  
  54  7:11  Pylon  
  54  7:14  Sentry x2  
  58  7:16  Probe x2 (Chrono Boost)  
  58  7:21  Phoenix  
  55  7:26  Pylon  
  55  7:29  Probe x2 (Chrono Boost), Pylon  
  57  7:37  Sentry  
  57  7:40  Probe x2 (Chrono Boost)  
  61  7:50  Probe x2 (Chrono Boost)  
  63  7:52  Sentry x2  
  63  7:54  Forge  
  67  8:01  Probe x2 (Chrono Boost)  
  67  8:04  Gateway x2  
  69  8:06  Sentry  
  69  8:11  Probe x2 (Chrono Boost)  
  73  8:17  Sentry  
  73  8:19  Pylon  
  75  8:22  Probe x2 (Chrono Boost)  
  75  8:26  Assimilator  
  77  8:28  Forge  
  77  8:29  Twilight Council  
  77  8:32  Probe (Chrono Boost)  
  78  8:38  Probe (Chrono Boost)  
  78  8:39  Robotics Facility  
  79  8:44  Adept x2  
  79  8:45  Adept  
  79  8:46  Probe (Chrono Boost)  
  79  8:47  Protoss Ground Weapons Level 1  
  79  8:48  Pylon  
  86  8:53  Phoenix  
  86  8:57  Probe (Chrono Boost)  
  81  9:03  Pylon  
  81  9:06  Resonating Glaives (Chrono Boost)  
  81  9:10  Nexus  
  81  9:12  Probe, Pylon  
  81  9:16  Probe  
  83  9:20  Assimilator  
  83  9:22  Assimilator  
  83  9:24  Probe, Adept x2  
  83  9:28  Observer  
  89  9:32  Sentry, Stalker  
  89  9:34  Stalker  
  95  9:40  Probe x2  
  97  9:52  Probe  
  98  10:02  Stalker  
  98  10:03  Stalker  
  102  10:17  Stalker x3  
  108  10:23  Probe  
  108  10:24  Photon Cannon  
  108  10:27  Photon Cannon  
  109  10:30  Pylon  
  109  10:32  Pylon  
  105  10:45  Stalker x2  
  105  10:46  Stalker x2  
  103  10:53  Stalker  
  103  10:54  Warp Prism  
  103  11:09  Adept x3  
  103  11:10  Adept  
  111  11:15  Gateway  
  111  11:17  Gateway  
  111  11:35  Adept x5  
  117  12:02  Adept x5  
  131  12:22  Nexus  
  131  12:23  Adept x5  
Tags
 
Add a new tag
Caveats
  • Supply blocks, unpowered buildings, or Contaminate may cause inaccurate times.
  • Supply counts are checked every 10 seconds.